 Seeded DCSS version 0.29.1-15-g9cfb28693d (webtiles) character file.

Game seed: 16993023905944681718 (custom seed)

268 tkbsonic5 the Trooper (level 6, -2/39 HPs)
             Began as a Kobold Abyssal Knight on Mar 30, 2023.
             Was a Priest of Lugonu.
             Slain by Blork the orc
             ... wielding a +0 scimitar
              (15 damage)
             ... on level 4 of the Dungeon on Apr 1, 2023.
             The game lasted 00:14:57 (3697 turns).

tkbsonic5 the Trooper (Kobold Abyssal Knight)       Turns: 3697, Time: 00:14:57

Health: -2/39      AC:  6    Str: 19    XL:     6   Next: 46%
Magic:  8/8        EV: 13    Int: 10    God:    Lugonu [***...]
Gold:   188        SH:  0    Dex: 17    Spells: 5/5 levels left

rFire   + . .      SeeInvis .   a - +1 short sword
rCold   . . .      Faith    .   (no shield)
rNeg    + . .      Spirit   .   j - +0 scale mail
rPois   .          Reflect  .   o - +0 hat of Fun and Games {rElec rF+ rN+ Int-2}
rElec   +          Harm     .   (no cloak)
rCorr   .          Rampage  .   (no gloves)
Will    .....                   (no boots)
Stlth   ++........              e - amulet "Vieloaru" {RegenMP Str+3 Slay+3, Westside Gunn's Chain}
HPRegen 0.13/turn               k - +6 ring of strength
MPRegen 0.51/turn               (no ring)

@: no status effects
A: small, no large weapons, nightstalker 3
a: Renounce Religion, Depart the Abyss, Bend Space, Banish


You were on level 4 of the Dungeon.
You worshipped Lugonu.
Lugonu was most pleased with you.
You visited 1 branch of the dungeon, and saw 4 of its levels.
You visited the Abyss 1 time.

You collected 188 gold pieces.

Inventory:

Hand Weapons
 a - a +1 short sword (weapon)
 h - a +0 dagger
 r - a +2 vorpal flail
Missiles
 n - 6 boomerangs (quivered)
Armour
 b - a +1 leather armour
 c - a +0 ring mail
 j - a +0 scale mail (worn)
 o - the +0 hat of Fun and Games (worn) {rElec rF+ rN+ Int-2}
   (You acquired it on level 4 of the Dungeon)

   Int:       It affects your intelligence (-2).
   rF:        It protects you from fire.
   rElec:     It insulates you from electricity.
   rN:        It protects you from negative energy.
Jewellery
 e - the amulet "Vieloaru" (around neck) {RegenMP Str+3 Slay+3, Westside Gunn's Chain}
   (You acquired it on level 2 of the Dungeon)

   [amulet of magic regeneration]

   It increases your rate of magic regeneration.
   Str:       It affects your strength (+3).
   Slay:      It affects your accuracy & damage with ranged weapons and melee
   (+3).
 k - a +6 ring of strength (left hand)
Wands
 i - a wand of flame (4)
Scrolls
 g - a scroll of teleportation
 l - a scroll of blinking
 m - a scroll of amnesia
Potions
 d - a potion of curing
 p - a potion of ambrosia {unknown}
 q - a potion of attraction {unknown}
 s - a potion of cancellation


   Skills:
 * Level 4.4 Fighting
 * Level 4.3 Short Blades
 * Level 2.1 Throwing
 - Level 0.7 Armour
 + Level 3.4 Dodging
 + Level 3.5 Stealth
 * Level 2.9 Invocations
 + Level 0.8 Evocations


You had 5 spell levels left.
You didn't know any spells.
Your spell library contained the following spells:

 Spells                   Type           Power      Damage    Failure   Level
 Freeze                   Ice            0%         1d3       75%         1
 Ensorcelled Hibernation  Hex/Ice        0%         N/A       87%         2
 Passwall                 Tmut/Erth      0%         N/A       87%         2
 Frozen Ramparts          Ice            0%         1d1       98%         3
 Gell's Gravitas          Tloc           0%         N/A       98%         3
 Lesser Beckoning         Tloc           0%         N/A       98%         3
 Summon Guardian Golem    Hex/Summ       0%         N/A       98%         3
 Swiftness                Air            0%         N/A       98%         3
 Teleport Other           Tloc           0%         N/A       98%         3
 Animate Dead             Necr           0%         N/A       100%        4
 Hailstorm                Conj/Ice       0%         3d3       100%        4
 Haunt                    Necr/Summ      0%         N/A       100%        7
 Orb of Destruction       Conj           0%         9d5       100%        7
 Spellforged Servitor     Conj/Summ      0%         N/A       100%        7
 Infestation              Necr           0%         N/A       100%        8


Dungeon Overview and Level Annotations

Branches:
Dungeon (4/15)
 Temple: D:4-7

Altars:
Okawaru

Annotations:
D:3 1 runed translucent door, javelincjr's ghost, amateur DjCj
D:4 Blork the orc


Innate Abilities, Weirdness & Mutations

You are small and have problems with some larger weapons.
You are completely attuned to the shadows.


Message History

You feel better. The goblin closely misses you.
You barely miss Blork the orc.
Blork the orc is severely wounded.
Blork the orc hits you with a +0 scimitar.
The goblin barely misses you. Blork the orc misses you.
Space bends violently around you!
You blink.
You feel better.
Blork the orc looks encouraged for a moment.
Throw: dart (poison)
Press: ? - help, Q - select action, (/) - cycle Shift-Dir - straight line, f/p - goblin
Aim: a goblin, wielding a +0 club (60% to hit)
You throw a poisoned dart.
The poisoned dart completely misses Blork the orc.
The poisoned dart barely misses the goblin.
Blork the orc looks more healthy.
Blork the orc closely misses you.
You hit Blork the orc.
Blork the orc is severely wounded.
Blork the orc points at you and mumbles some strange words.
The magic dart hits you. The goblin barely misses you.
You closely miss Blork the orc.
Blork the orc is severely wounded.
Blork the orc misses you. The goblin closely misses you.
Space bends violently around you!
You blink.
Blork the orc looks encouraged for a moment.
Space bends violently around you!
You blink.
Blork the orc casts a spell at you. The magic dart hits you.
You open the door.
An adder comes into view.
Blork the orc gestures at you while chanting.
The magic dart hits you!
You fail to use your ability.
Blork the orc grins evilly.
Blork the orc closely misses you. The goblin hits you but does no damage.
Space bends violently around you!
You blink.
You feel better.
Blork the orc looks angry.
Blork the orc hits you with a +0 scimitar.
Blork the orc hits you with a +0 scimitar!
You die...

## ...
S..###
...'.####
#ยง...####
+g.:....#
#o(>...(###
#@#....(...
#.#.......#
#.#.##.....
#.........#
###....#..#
##.... .
...... .#
#####+####
#.#.##.#.
#..<[....#
#..[....#


You could see Blork the orc (fast) and a goblin.

Vanquished Creatures
  Jessica (D:3)
  Terence (D:3)
  An orc wizard (D:3)
  2 adders (D:2)
  2 worms
  3 orcs (D:3)
  3 ball pythons
  4 bats
  4 endoplasms
  5 giant cockroaches
  2 goblins
  6 hobgoblins
  3 jackals (D:2)
  A kobold (D:2)
  2 quokkas
  4 frilled lizards
  7 rats
51 creatures vanquished.

Vanquished Creatures (collateral kills)
  An ogre (D:4)
1 creature vanquished.

Grand Total: 52 creatures vanquished

Notes
Turn   | Place    | Note
-------+----------+-------------------------------------------
     0 | Abyss:1  | tkbsonic5 the Kobold Abyssal Knight began the quest for the
                  | Orb.
     0 | Abyss:1  | Reached XP level 1. HP: 14/14 MP: 2/2
     0 | Abyss:1  | Noticed a deep elf sorcerer
     7 | Abyss:1  | Noticed a raiju
     9 | D:1      | Escaped the Abyss
   426 | D:1      | Reached XP level 2. HP: 13/19 MP: 3/3
   579 | D:1      | Reached skill level 1 in Stealth
   703 | D:1      | Found a faded altar of an unknown god.
   919 | D:2      | Identified a scroll of acquirement
   919 | D:2      | Acquired the amulet "Vieloaru" {RegenMP Str+3 Slay+3}
  1418 | D:2      | Reached XP level 3. HP: 23/23 MP: 4/4
  2145 | D:2      | Reached *** piety under Lugonu
  2146 | D:2      | Reached XP level 4. HP: 26/29 MP: 5/5
  2367 | D:3      | Noticed Terence
  2375 | D:3      | Killed Terence
  2537 | D:3      | Reached skill level 1 in Throwing
  2561 | D:3      | Noticed javelincjr's ghost (amateur DjCj)
  2569 | D:3      | Found a runed translucent door.
  2738 | D:3      | Noticed Jessica
  2744 | D:3      | Killed Jessica
  2745 | D:3      | Reached XP level 5. HP: 24/33 MP: 6/6
  2964 | D:3      | Found an iron altar of Okawaru.
  3185 | D:3      | Identified the +0 leather armour of Tiphis {rCorr Dex+4
                  | Stlth+}
  3405 | D:3      | Identified the +2 pair of boots of Duck's Teeth {rPois
                  | Regen+ Int+2 Stlth-}
  3538 | D:4      | Acquired the +0 hat of Fun and Games {rElec rF+ rN+ Int-2}
  3551 | D:4      | Noticed an ogre
  3557 | D:4      | Killed an ogre
  3558 | D:4      | Reached XP level 6. HP: 39/39 MP: 6/8
  3653 | D:4      | Noticed Blork the orc
  3697 | D:4      | Slain by Blork the orc

Illustrated notes

Levels and vault maps discovered:
D:1:      dpeg_arrival_ratfight, layout_basic, basic_ecumenical_altar
D:2:      layout_loops_ring
D:3:      layout_loops_ring, amcnicky_altar_gilded,
          hellmonk_ghost_happy_afterlife, kennysheep_generic_room_13,
          uniq_terence, uniq_jessica
D:4:      layout_basic, mainiacjoe_overflow_surrounded_room, lemuel_round_altar,
          uniq_pikel, uniq_blork_the_orc

Skill      XL: |  1  2  3  4  5 |
---------------+----------------+-----
Stealth        | 1 2 3 |  3.5
Short Blades   | 3 4 |  4.3
Dodging        | 3 |  3.4
Fighting       | 4 |  4.4
Throwing       | 1 2 |  2.1
Armour         | |  0.7
Invocations    | |  2.9
Evocations     | |  0.8

Action                   |  1- 3 |  4- 6 || total
-------------------------+-------+-------++-------
Melee: Short sword       |    83 |    65 ||   148
       Punch             |       |     1 ||     1
Throw: Dart              |    16 |    38 ||    54
Invok: Banish            |       |     1 ||     1
       Bend Space        |       |     9 ||     9
Evoke: Wand              |       |     3 ||     3
  Use: Scroll            |     5 |     6 ||    11
       Potion            |     2 |     7 ||     9
 Stab: Sleeping          |     8 |     3 ||    11
Armor: Leather armour    |    16 |    12 ||    28
       Scale mail        |       |     1 ||     1
Dodge: Dodged            |    48 |    50 ||    98
